Unix NetHack Version 5.0.0-0 post-release - last build May 10 2026 23:12:36 (d1fa5d53e341ca933230fdaa984d921c805b60aa,branch:main).

Game began 2026-05-14 17:56:22, ended 2026-05-14 18:17:52.

BeardyHaddock, neutral male gnomish Archeologist

                        --------------------------  -----
        -------      #  |.-..|..|..|....-..|..|..|  |...|
        |.....-#########|.|..|..|..-....| .|..|..|  +...+
        |.....|  ##  # #|.----|-----....----..--|----...|
        |.....|  ##    #|...............................|
        |>.^...`###    #|.--|-..--|-.......---|----|-...|
        ----.-- ###    #|.|.....|..|......{|[...| ..|...|
            #   #     ##|.|..|..|..|.......|....|...|...|
            #   #      #|.----..----.......|.._.|...|...|
            #   #      #|.............{....|....|...|...|
    --------.---#      #|.------|--------.----------|...|
    |...@on....|#      #|.|....|...|(((.|.|....|(((.-...|
    |...........#      #..|....|...|((?.-.-....|(((.|...|
    |..........|       #|.-....|...|((( |.| ...|(((.|...|
    ------------       #|.---------------.-----------....
                       #|...............................|        ...
                       #---------------------------------         ---

BeardyHaddock the Field Worker  St:14 Dx:7 Co:16 In:17 Wi:16 Ch:9  Neutral
Dlvl:6  $:1201 HP:0(34) Pw:19(19) AC:9  Xp:4 T:3276 

Latest messages:
 Your movements are now unencumbered.
 You stop digging.
 The pony kicks!
 The pony bites!
 You hit the pony.
 The pony kicks!
 The pony bites!
 What do you want to write with? [- agA-DGHJ or ?*] -
 You write in the dust with your fingertip.
 What do you want to write in the dust here? Elbereth
 The pony kicks!
 The pony bites!
 The pony kicks!
 The pony bites!
 Are you sure you want to pray? [yn] (n) y
 You begin praying to Camaxtli.
 You are surrounded by a shimmering light.
 The pony starts to attack you, but pulls back.
 The pony starts to attack you, but pulls back.
 The pony starts to attack you, but pulls back.
 You finish your prayer.
 You feel that Camaxtli is well-pleased.
 What do you want to read? [rt or ?*] r
 As you read the scroll, it disappears.
 Your hands begin to glow red.
 The pony kicks!
 The pony bites!
 You miss the pony.
 The pony kicks!
 The pony bites!
 A wood nymph suddenly appears close by!
 You hit the pony.
 Your hands no longer glow so brightly red.
 The pony appears confused.
 You hear a door open.
 You hear bubbling water.
 You hit the wood nymph.
 Your hands no longer glow so brightly red.
 The wood nymph appears confused.
 The goblin thrusts her crude dagger.
 The goblin hits!
 You miss the goblin.
 The goblin thrusts her crude dagger.
 The goblin hits!
 You die...
 Do you want your possessions identified? [ynq] (y) y
 Do you want to see your attributes? [ynq] (y) n
 Do you want an account of creatures vanquished? [ynaq] (y) n
 Do you want to see your conduct and achievements? [ynq] (y) n
 Do you want to see the dungeon overview? [ynq] (y) n

Inventory:
 Coins    ('$')
  $ - 1201 gold pieces
 Weapons  (')')
  A - 4 +0 crossbow bolts
  B - a +0 crossbow
  C - a blessed +2 sling
  a - a +2 bullwhip (alternate weapon; not wielded)
  D - a +0 scimitar
 Armor    ('[')
  c - an uncursed +0 fedora
  K - an uncursed +0 pair of high boots
  b - an uncursed +0 leather jacket (being worn)
 Comestibles  ('%')
  d - 8 uncursed food rations
 Spellbooks  ('+')
  t - an uncursed spellbook of charm monster
 Potions  ('!')
  l - an uncursed potion of water
 Tools    ('(')
  h - an empty uncursed sack
  N - a bag of tricks (0:9)
  L - an uncursed lock pick
  q - an uncursed mirror
  i - an uncursed oil lamp
  e - a rusty +0 pick-axe (weapon in right hand)
  I - an uncursed tin opener
  f - a tinning kit (0:85)
 Gems/Stones  ('*')
  G - 2 uncursed diamonds
  J - 2 uncursed fluorite stones
  H - 3 uncursed flint stones
  g - an uncursed touchstone

BeardyHaddock the Archeologist's attributes:

Background:
 You were a Field Worker, a level 4 male gnomish Archeologist.
 You were neutral, on a mission for Camaxtli
 who was opposed by Quetzalcoatl (lawful) and Huhetotl (chaotic).
 You were right-handed.
 You were in the Gnomish Mines, on level 6.
 You entered the dungeon 3276 turns ago.
 You had 132 experience points, 28 more were needed to attain level 5.

Basics:
 You had 0 out of 34 hit points.
 You had all 19 energy points (spell power).
 Your armor class was 9.
 Your wallet contained 1201 zorkmids.
 Autopickup was off.

Final Characteristics:
 Your strength was 14 (limit:18/50).
 Your dexterity was 7 (peak:10, limit:18).
 Your constitution was 16 (limit:18).
 Your intelligence was 17 (limit:19).
 Your wisdom was 16 (limit:18).
 Your charisma was 9 (limit:18).

Final Status:
 You weren't hungry.
 You were unencumbered.
 You were wielding a pick-axe.
 You had basic skill with pick-axe.

Final Attributes:
 You were piously aligned.
 You were poison resistant.
 You had automatic searching.
 You had infravision.
 You would have confused monsters when hitting them.
 You are dead.

Miscellaneous:
 You didn't encounter any bones levels.
 Total elapsed playing time was 21 minutes and 30 seconds.

Major events:
 Turn
    1: BeardyHaddock the neutral male gnomish Archeologist entered the dungeon
 1390: attained the rank of Field Worker (level 3)
 1655: entered the Gnomish Mines
 2815: reached Mine Town
 3276: killed by a goblin

Spells:
 Name                 Level Category     Fail Retention
 charm monster          5   enchantment  100%  76%-100%

Skills:
 Fighting Skills
   bare handed combat [Unskilled]
   two weapon combat  [Unskilled]
   riding             [Unskilled]
 Weapon Skills
   dagger             [Unskilled]
   knife              [Unskilled]
   pick-axe           [Basic]
   short sword        [Unskilled]
   saber              [Unskilled]
   club               [Unskilled]
   quarterstaff       [Unskilled]
   sling              [Unskilled]
   dart               [Unskilled]
   boomerang          [Unskilled]
   whip               [Basic]
   unicorn horn       [Unskilled]
 Spellcasting Skills
   attack spells      [Unskilled]
   healing spells     [Unskilled]
   divination spells  [Unskilled]
   matter spells      [Unskilled]

Voluntary challenges:
 Character rerolling was not enabled.
 You never genocided any monsters.
 You never polymorphed an object.
 You never changed form.
 You used no wishes.
Achievements:
 You attained the rank of Field Worker.
 You entered the Gnomish Mines.
 You entered Minetown.
 You entered a temple.
 You entered a shop.

 The Dungeons of Doom: levels 1 to 2
    Level 1:
       Some fountains, a sink, many trees.
    Level 2:
       Stairs down to The Gnomish Mines.
 The Gnomish Mines: levels 3 to 6
    Level 3:
    Level 4:
    Level 5:
    Level 6: <- You were here.
       A tool shop, a temple and an altar to Camaxtli, some fountains.
       Final resting place for
          you, killed by a goblin.


Vanquished creatures:
  4 wood nymphs
  a shrieker
  a gnome leader
  2 floating eyes
  2 dwarves
  2 rothes
  a rabid rat
  2 giant bats
  a werejackal
 an iguana
 an acid blob
  4 hobbits
  5 manes
  a hobgoblin
  4 giant rats
  a cave spider
  a yellow mold
  a green mold
  5 gnomes
  7 garter snakes
  a gecko
  5 jackals
  a fox
  a kobold
  6 goblins
  2 sewer rats
 13 grid bugs
  7 lichens
  a kobold zombie
  5 newts
89 creatures vanquished.

No species were genocided or became extinct.

Game over:
                       ----------
                      /          \
                     /    REST    \
                    /      IN      \
                   /     PEACE      \
                  /                  \
                  |  BeardyHaddock   |
                  |     1201 Au      |
                  |   killed by a    |
                  |      goblin      |
                  |                  |
                  |                  |
                  |       2026       |
                 *|     *  *  *      | *
        _________)/\\_//(\/(/\)/\//\/|_)_______

Goodbye BeardyHaddock the Archeologist...

You died in The Gnomish Mines on dungeon level 6 with 1889 points,
and 1201 pieces of gold, after 3276 moves.
You were level 4 with a maximum of 34 hit points when you died.

